 Dungeon Crawl Stone Soup version 0.31-a0-620-gd1cbd99268 (webtiles) character file.

Game seed: 5652954589043532100

5455 CowFu the Grappler (level 10, 0/80 HPs)
             Began as a Grey Draconian Shapeshifter on Aug 23, 2023.
             Was a High Priest of Nemelex Xobeh.
             Slain by a naga
             ... wielding a +0 glaive
              (13 damage)
             ... in a bailey on Aug 24, 2023.
             The game lasted 00:23:30 (8168 turns).

CowFu the Grappler (Grey Draconian Shapeshifter)    Turns: 8168, Time: 00:23:31

Health: 0/80       AC: 13    Str: 17    XL:     10   Next: 41%
Magic:  11/11      EV: 13    Int:  9    God:    Nemelex Xobeh [*****.]
Gold:   298        SH:  0    Dex: 16    Spells: 9/9 levels left

rFire   . .          .
                       - Unarmed
rCold   + . .        t - melded orb {light}
rNeg    . . .        (body armour unavailable)
rPois   .            (helmet restricted)
rElec   .            (no cloak)
rCorr   .            (no gloves)
SInv    .            n - +0 pair of boots
Will    .....        (no amulet)
Stlth   +            q - ring of protection from cold
HPRegen 0.33/turn    (no ring)
MPRegen 0.12/turn

%: no passive effects
@: flux-form, glowing
A: glow, contaminating, AC +12, amphibious, unfitting armour, cold-blooded
a: Begin Untransformation, Renounce Religion, Draw Escape, Draw Destruction,
Draw Summoning, Triple Draw, Deal Four, Stack Five


You were in a bailey.
You worshipped Nemelex Xobeh.
Nemelex Xobeh was extremely pleased with you.
You were something dangerously unstable.
You visited 1 branch of the dungeon, and saw 9 of its levels.
You also visited: Bailey.

You collected 446 gold pieces.
You spent 148 gold pieces at shops.

Inventory:

Armour
 l - a scarf of invisibility
 n - a +0 pair of boots (worn)
 t - an orb of light (melded)
 y - a +0 helmet
Jewellery
 q - a ring of protection from cold (left hand)
 F - a ring of ice
Talismans
 b - a beast talisman
 c - a flux talisman (active)
 i - a serpent talisman
Wands
 g - a wand of flame (50)
 h - a wand of iceblast (12)
 D - a wand of paralysis (15)
Scrolls
 d - 2 scrolls of enchant armour
 f - 3 scrolls of poison
 j - 2 scrolls of blinking
 o - a scroll of fear
 r - 2 scrolls of noise
 u - a scroll of revelation
 A - 2 scrolls of enchant weapon
 B - 2 scrolls of amnesia
Potions
 e - a potion of enlightenment
 m - a potion of mutation
 p - a potion of brilliance
 s - a potion of degeneration {unknown}
 x - a potion of magic
 C - 3 potions of berserk rage
 E - a potion of ambrosia {unknown}
 G - a potion of invisibility


   Skills:
 + Level 4.5 Fighting
 + Level 3.7 Dodging
 + Level 10.6 Unarmed Combat
 - Level 2.0 Invocations
 - Level 10.0 Shapeshifting


You had 9 spell levels left.
You didn't know any spells.
Your spell library contained the following spells:

 Spells                   Type           Power      Damage    Failure   Level
 Magic Dart               Conj           0%         1d3       38%         1
 Searing Ray              Conj           0%         2d4       52%         2
 Gell's Gravitas          Tloc           0%         N/A       77%         3
 Stone Arrow              Conj/Erth      0%         3d7       77%         3
 Teleport Other           Tloc           0%         N/A       77%         3
 Cause Fear               Hex            0%         N/A       99%         4
 Fulminant Prism          Conj/Hex       0%         3d5       99%         4
 Fireball                 Conj/Fire      0%         3d3       100%        5
 Dispersal                Tloc           0%         N/A       100%        6
 Lehudib's Crystal Spear  Conj/Erth      0%         10d2      100%        8
 Dragon's Call            Summ           0%         N/A       100%        9
 Animate Armour           Summ/Erth      Unusable   N/A       N/A         4

Dungeon Overview and Level Annotations

Branches:
Dungeon (9/15)             Temple (0/1) D:5          Bailey (1/1)
   Lair: D:8-11         Orc: D:9-12

Altars:
Fedhas
Hepliaklqana
Nemelex Xobeh
Sif Muna
Xom

Shops:
D:4 *   D:8 *


Innate Abilities, Weirdness & Mutations

You are something dangerously unstable.
You glow with magical radiation, making you easy to see and hit.
Foes you strike become dangerously contaminated with magical radiation.
You are incapable of wielding weapons or throwing items.
Your dull iron-grey scales are very hard. (AC +12)
You are amphibious.
You cannot fit into any form of body armour.
You are cold-blooded and may be slowed by cold attacks.


Message History

The orc warrior hits you with a +0 halberd!
* * * LOW HITPOINT WARNING * * *
There is an open door, spattered with blood here.
You barely miss the orc warrior.
The orc warrior hits you but does no damage.
The orc warrior completely misses you.
You closely miss the orc warrior.
You tail-slap the orc warrior, but do no damage.
The orc warrior closely misses you.
The orc warrior hits you with a +0 halberd!
* * * LOW HITPOINT WARNING * * *
You hit the orc warrior but do no damage.
The orc warrior begins to glow.
The orc warrior hits you with a +0 glaive!!
* * * LOW HITPOINT WARNING * * *
The orc warrior hits you with a +0 halberd.
* * * LOW HITPOINT WARNING * * *
You feel much better. The orc warrior closely misses you. x2
You hit the orc warrior.
The orc warrior glows dangerously bright.
The orc warrior is moderately wounded.
The orc warrior hits you with a +0 glaive.
The orc warrior hits you with a +0 halberd!
* * * LOW HITPOINT WARNING * * *
Okay, then.
You draw a card...
You have drawn Degeneration.
The orc warrior evaporates and reforms as a hound!
The hound twists and deforms.
The orc warrior evaporates and reforms as a naga!
The naga twists and deforms.
The hound bites you but does no damage.
The naga picks up a +0 glaive.
The naga wields a +0 glaive.
You feel better. The hound completely misses you.
The naga hits you with a +0 glaive.
* * * LOW HITPOINT WARNING * * *
The naga barely misses you.
You punch the hound!
The hound begins to glow.
The hound is heavily wounded.
The hound bites you but does no damage. The naga hits you with a +0 glaive!
You die...
Your body disappears without additional glow.

..~≈≈)≈≈≈~~~#########~~~≈≈≈~≈≈~..
..~~~~)~~~~##~~~~~~~##~~~~~~~~~..
..~~~~~~~~##~~#'#'#~~##~~~~~~~~..
..~~~~~~~~#~~##.#)##~~#~~~~~~)~..
..~~~~~~~##~#########~##~~~~~)~..
..~~~~~~~##~')#}.?#)'~##~~~~~~~..
..~~~~~~~##~###._.###~##~~~~~~~..
..~~~~~~~##~'.#Nh.#)'~##~~~~~~~..
..~~~~~~~##~####B####~##~~~)~~~..
..~~~~~~~~#~~##∩|∩##~~##~~~~~~~..
..~~~~~~~~##~~#'''##~~~~~~~))~~..
..~~~~~~~~~##~~~~~##~~~~~~~~~~~..
..~≈≈~≈≈≈~~~##~~~~##~~~~≈≈≈~≈≈~..
..≈≈#.##≈~~~~#######~~~~≈##.#≈≈..
..≈##.∩#≈~~~~~~~~~~~~~~~≈#∩.##≈..
..≈#..))~)~~~~~~~~~~~~~~~....#≈..
..≈##.##≈~~~~~~~~~~~~~~~≈##.##≈..


You could see a naga (misshapen) and a hound (contam, misshapen).

Vanquished Creatures
  A two-headed ogre (D:6)
  Erica (D:8)
  An orc knight (Bailey)
  Sigmund (D:2)
  A wraith (D:6)
  A steam dragon (D:7)
  Menkaure (D:5)
  An ice beast (D:5)
  9 orc warriors
  A sky beast (D:7)
  Pargi (D:3)
  A black bear (D:8)
  4 centaurs
  A kobold brigand (D:7)
  3 scorpions
  6 wights
  8 killer bees
  A jelly (D:6)
  3 hounds
  8 orc priests
  Jessica (D:2)
  4 iguanas
  7 orc wizards
  5 adders
  2 shadow imps
  An ufetubus (D:4)
  A worm (D:3)
  3 dart slugs
  27 orcs
  13 bats
  9 endoplasms
  2 giant cockroaches
  9 goblins
  4 hobgoblins
  4 jackals (D:2)
  4 quokkas
  4 ball pythons
  6 frilled lizards
  9 kobolds
  5 rats
174 creatures vanquished.

Vanquished Creatures (others)
  An orc wizard (D:3)
1 creature vanquished.

Grand Total: 175 creatures vanquished

Notes
Turn   | Place    | Note
-------+----------+-------------------------------------------
     0 | D:1      | CowFu the Draconian Shapeshifter began the quest for the
                  | Orb.
     0 | D:1      | Reached XP level 1. HP: 16/16 MP: 1/1
   103 | D:1      | Reached XP level 2. HP: 23/23 MP: 2/2
   551 | D:1      | Found a faded altar of an unknown god.
   554 | D:1      | Reached XP level 3. HP: 28/28 MP: 3/3
   565 | D:1      | Prayed at the altar of an unknown god.
   565 | D:1      | Became a worshipper of Nemelex Xobeh the Trickster
   565 | D:1      | Reached * piety under Nemelex Xobeh
   565 | D:1      | Received a gift from Nemelex Xobeh
   653 | D:2      | Noticed Jessica
   659 | D:2      | Killed Jessica
   769 | D:2      | Reached XP level 4. HP: 25/35 MP: 4/4
  1006 | D:2      | Noticed Sigmund
  1125 | D:3      | Reached ** piety under Nemelex Xobeh
  1258 | D:3      | Noticed Pargi
  1275 | D:3      | Killed Pargi
  1276 | D:3      | Reached XP level 5. HP: 15/40 MP: 5/5
  1495 | D:3      | Received a gift from Nemelex Xobeh
  1789 | D:4      | Reached skill level 1 in Invocations
  1793 | D:4      | Reached skill level 5 in Unarmed Combat
  1925 | D:4      | Reached XP level 6. HP: 35/48 MP: 6/6
  2247 | D:4      | Reached skill level 5 in Shapeshifting
  2475 | D:4      | Found Rujiwass's Fire Supplies.
  2491 | D:4      | Reached *** piety under Nemelex Xobeh
  2507 | D:4      | Found a hazy altar of Hepliaklqana.
  2508 | D:4      | Found a shimmering altar of Xom.
  2508 | D:4      | Noticed a wyvern
  2509 | D:4      | Noticed a spectral ugly thing
  2509 | D:4      | Noticed a wyvern
  3009 | D:2      | Killed Sigmund
  3010 | D:2      | Your scales start taking on a dull iron-grey colour.
  3010 | D:2      | Reached XP level 7. HP: 52/55 MP: 8/8
  3079 | D:5      | Entered Level 5 of the Dungeon
  3091 | D:5      | Found a staircase to the Ecumenical Temple.
  3211 | D:5      | Found a sand-covered staircase.
  3224 | D:5      | Noticed Menkaure
  3232 | D:5      | Killed Menkaure
  3585 | D:5      | Received a gift from Nemelex Xobeh
  3998 | D:6      | Received a gift from Nemelex Xobeh
  4013 | D:6      | Reached XP level 8. HP: 61/61 MP: 9/9
  4400 | D:6      | Reached **** piety under Nemelex Xobeh
  4441 | D:6      | Noticed a two-headed ogre
  4447 | D:6      | Killed a two-headed ogre
  4652 | D:6      | Received a gift from Nemelex Xobeh
  4964 | D:7      | Reached XP level 9. HP: 66/67 MP: 10/10
  5640 | D:7      | Reached ***** piety under Nemelex Xobeh
  6079 | D:8      | Found a shimmering blue altar of Sif Muna.
  6252 | D:8      | HP: 2/67 [orc warrior/+0 halberd (5)]
  6255 | D:8      | Reached skill level 10 in Unarmed Combat
  6465 | D:8      | Received a gift from Nemelex Xobeh
  6728 | D:8      | Noticed Erica
  6746 | D:8      | Killed Erica
  6747 | D:8      | Reached skill level 10 in Shapeshifting
  6747 | D:8      | Reached XP level 10. HP: 24/74 MP: 11/11
  7050 | D:8      | Received a gift from Nemelex Xobeh
  7318 | D:8      | Found Nor Lion's Assorted Antiques.
  7323 | D:8      | Bought a metallic brown potion for 19 gold pieces
  7323 | D:8      | Bought a notched opal ring for 110 gold pieces
  7323 | D:8      | Bought a sedimented coppery potion for 19 gold pieces
  7455 | D:8      | Found a blossoming altar of Fedhas.
  7612 | D:9      | Noticed a two-headed ogre
  7629 | D:9      | Found a flagged portal.
  7658 | Bailey   | Entered a bailey
  7714 | Bailey   | Received a gift from Nemelex Xobeh
  8149 | Bailey   | Noticed an orc knight
  8158 | Bailey   | Killed an orc knight
  8163 | Bailey   | HP: 4/80 [orc warrior/+0 halberd (3)]
  8168 | Bailey   | Slain by a naga

Illustrated notes

Levels and vault maps discovered:
D:1:      dpeg_arrival_round_c, layout_rooms, serial_corexii_hall,
          corexii_hall_statues_s, chequers_hall_statues_y,
          basic_ecumenical_altar
D:2:      layout_basic, minmay_surrounded, uniq_jessica, uniq_sigmund
D:3:      layout_basic, minmay_quantized, uniq_pargi
D:4:      layout_basic, regret_index_temple_of_mockery, nicolae_shop_fire_sale
          [nicolae_sub_dead_trees], amcnicky_mini_pool_small
D:5:      layout_basic, minmay_temple_entry_grid, enter_ossuary_1, uniq_menkaure
D:6:      layout_loops_corners, minmay_crystal_room
D:7:      layout_cave_pools, hangedman_decor_clover_reticule,
          wad_floor_pattern_untrapped, skrybe_limestone_x
D:8:      layout_gridville, overflow_temple_1_default,
          kennysheep_orc_sif_temple, serial_shops, nicolae_shop_trees,
          uniq_erica
D:9:      layout_long_grid, grunt_qazlal_sundering, enter_bailey_5, st_stairs_5,
          chequers_arboretum
Bailey:   bailey_polearm_2, bailey

Skill      XL: |  1  2  3  4  5  6  7  8  9 10 |
---------------+-------------------------------+-----
Unarmed Combat | 4 5 6 8 10 | 10.6
Shapeshifting  | 4 5 6 8 10 | 10.0
Invocations    | 1 2 |  2.0
Fighting       | 2 4 |  4.5
Dodging        | 2 3 |  3.7

Action                     |  1- 3 |  4- 6 |  7- 9 | 10-12 || total
---------------------------+-------+-------+-------+-------++-------
  Melee: Unarmed           |    61 |   131 |   248 |   123 ||   563
         Tailslap          |     8 |    17 |    44 |    28 ||    97
         Punch             |     4 |     7 |     1 |       ||    12
 Invoke: Draw Destruction  |       |       |     2 |     2 ||     4
         Draw Escape       |       |       |       |     1 ||     1
    Use: Scroll            |       |     9 |     6 |     4 ||    19
         Potion            |       |     2 |     5 |     4 ||    11
   Stab: Sleeping          |     1 |     3 |       |       ||     4
         Distracted        |       |       |     1 |       ||     1
 Armour: Skin              |    17 |    41 |   103 |    59 ||   220
  Dodge: Dodged            |    43 |    66 |   132 |   103 ||   344
   Form: Flux              |       |       |     2 |       ||     2
         Beast             |       |       |     1 |       ||     1

Table legend: (Time is in decaauts)
 A = Elapsed time spent in this place.
 B = Non-inter-level travel time spent in this place.
 C = Inter-level travel time spent in this place.
 D = Time resting spent in this place.
 E = Time spent auto-exploring this place.
 F = Levels seen in this place.
 G = Mean time per level.
                   A        B        C        D        E       F      G
               +--------+--------+--------+--------+--------+-----+--------+
         Total |   8093 |   7831 |    262 |      0 |   6225 |  10 |  809.3 |
       Dungeon |   7599 |   7337 |    262 |      0 |   5889 |   9 |  844.3 |
        Bailey |    493 |    493 |      0 |      0 |    336 |   1 |  493.0 |
               +--------+--------+--------+--------+--------+-----+--------+

Top non-repeatable levels by time:
     D:8: 1703 daAuts
     D:6: 955 daAuts
     D:4: 912 daAuts
     D:7: 900 daAuts
     D:5: 891 daAuts
     D:3: 848 daAuts
     D:2: 734 daAuts
     D:1: 569 daAuts
  Bailey: 493 daAuts
     D:9: 84 daAuts
